 Dungeon Crawl Stone Soup version 0.26.0-18-gc5c842f807 (webtiles) character file.

Game seed: 300451966821351436

742 canine the Grasshopper (level 7, -1/56 HPs)
             Began as a Gnoll Warper on Jan 24, 2021.
             Slain by a centaur (8 damage)
             ... on level 6 of the Dungeon.
             The game lasted 00:05:25 (5481 turns).

canine the Grasshopper (Gnoll Warper)               Turns: 5481, Time: 00:05:26

Health: -1/56      AC: 10    Str: 12    XL:     7   Next: 76%
Magic:  24/24      EV: 14    Int: 15    God:
Gold:   255        SH:  0    Dex: 14    Spells: 1/17 levels left

rFire    . . .     SeeInvis .   a - +0 mace (venom)
rCold    . . .     Faith    .   (no shield)
rNeg     . . .     Spirit   .   p - +0 leather armour (curse)
rPois    .         Reflect  .   (no helmet)
rElec    .         Harm     .   j - +0 cloak
rCorr    .         Rampage  .   t - +2 pair of gloves
Will     .....                  w - +1 pair of boots
Stlth    ++........             C - amulet of the acrobat
HPRegen  0.18/turn              r - -4 ring of strength (curse)
MPRegen  0.19/turn              I - ring of magical power

@: no status effects
A: distributed training, fangs 1, strong nose
a: no special abilities


You were on level 6 of the Dungeon.
You visited 1 branch of the dungeon, and saw 6 of its levels.

You collected 255 gold pieces.

Inventory:

Hand Weapons
 a - a +0 mace of venom (weapon)
Missiles
 e - 5 boomerangs of dispersal
 h - 34 poisoned darts (quivered)
 m - 6 datura-tipped darts
 z - 8 boomerangs
Armour
 j - a +0 cloak (worn)
 p - a cursed +0 leather armour (worn)
 t - a +2 pair of gloves (worn)
 u - a +0 scale mail
 w - a +1 pair of boots (worn)
Jewellery
 r - a cursed -4 ring of strength (left hand)
 s - an uncursed ring of positive energy
 C - an amulet of the acrobat (around neck)
 I - a ring of magical power (right hand)
Wands
 v - a wand of polymorph (4)
 B - a wand of flame (15)
 G - a wand of random effects (15)
Scrolls
 c - 2 scrolls of fog
 d - a scroll of blinking
 x - a scroll of amnesia
 y - 3 scrolls of teleportation
 F - a scroll of random uselessness
 H - a scroll of magic mapping
Potions
 f - 4 potions of flight {unknown}
 g - a potion of degeneration {unknown}
 i - 3 potions of attraction {unknown}
 k - a potion of might {unknown}
 l - 2 potions of haste {unknown}
 n - a potion of heal wounds {unknown}
 o - 2 potions of lignification {unknown}
 q - 4 potions of curing
 A - a potion of brilliance {unknown}
 D - a potion of invisibility {unknown}


   Skills:
 + Level 5.3 Fighting
 + Level 2.7 Short Blades
 + Level 2.7 Long Blades
 + Level 2.7 Axes
 + Level 5.3 Maces & Flails
 + Level 2.7 Polearms
 + Level 2.7 Staves
 + Level 2.7 Slings
 + Level 2.7 Bows
 + Level 2.7 Crossbows
 + Level 3.8 Throwing
 + Level 3.8 Armour
 + Level 5.3 Dodging
 + Level 2.7 Stealth
 + Level 2.7 Shields
 + Level 2.7 Unarmed Combat
 + Level 5.7 Spellcasting
 + Level 2.2 Conjurations
 + Level 2.2 Hexes
 + Level 2.2 Summonings
 + Level 2.2 Necromancy
 + Level 5.9 Translocations
 + Level 2.2 Transmutations
 + Level 2.2 Fire Magic
 + Level 2.2 Ice Magic
 + Level 2.2 Air Magic
 + Level 2.2 Earth Magic
 + Level 2.2 Poison Magic
 + Level 3.0 Invocations
 + Level 2.7 Evocations


You had one spell level left.
You knew the following spells:

 Your Spells              Type           Power        Failure   Level
a - Gell's Gravitas       Tloc           11%          4%          3
b - Blink                 Tloc           N/A          2%          2
c - Lesser Beckoning      Tloc           11%          4%          3
d - Teleport Other        Tloc           22%          4%          3
e - Passage of Golubria   Tloc           N/A          17%         4
f - Animate Skeleton      Necr           20%          8%          1

Your spell library contained the following spells:

 Spells                   Type           Power        Failure   Level
 Pain                     Necr           40%          8%          1
 Vampiric Draining        Necr           5%           24%         3
 Animate Dead             Necr           5%           61%         4
 Agony                    Necr           10%          91%         5


Dungeon Overview and Level Annotations

Branches:
Dungeon (6/15)
 Temple: D:4-7

Altars:
Vehumet

Shops:
D:5 *


Innate Abilities, Weirdness & Mutations

Your experience applies equally to all skills.
You have very sharp teeth.
Your uncanny sense of smell can sniff out nearby items.


Message History

The centaur shoots an arrow.
The arrow hits you.
The centaur shoots an arrow.
The arrow closely misses you.
You see here an arrow.
The centaur unwields a +0 shortbow.
The centaur closely misses you.
You hit the centaur.
The centaur is poisoned.
The centaur is moderately wounded.
The centaur hits you.
* * * LOW HITPOINT WARNING * * *
The centaur barely misses you.
You sock the centaur!
The centaur is severely wounded.
The centaur barely misses you.
You closely miss the centaur.
The centaur is severely wounded.
The centaur hits you.
* * * LOW HITPOINT WARNING * * *
The orc warrior hits you from afar with a +0 glaive!!
* * * LOW HITPOINT WARNING * * *
The centaur hits you!
You die...

∆ ##(.........
##.).......
##().#####.
##>.### ##
#### ##.###
.####..##
##.##
........##
###o##
########.###
##.c.#
##..####.@(##
##.....(..#
#....<...#
###.(..[.#
##.....#
##....##
#.....#######
#(..#........#
#.###.<.......


You could see an orc warrior and a centaur (very poisoned).

Vanquished Creatures
  A howler monkey (D:5)
  A bullfrog zombie (D:5)
  2 hounds
  An orc priest (D:4)
  A bullfrog skeleton (D:4)
  7 orc wizards (D:4)
  An iguana (D:5)
  3 worker ants (D:4)
  Terence (D:2)
  Robin (D:3)
  4 gnolls (D:3)
  6 adders
  A shadow imp (D:6)
  2 ufetubi (D:5)
  An ooze (D:3)
  An adder zombie (D:5)
  2 dart slugs
  3 leopard geckos
  13 orcs
  2 giant cockroaches
  14 goblins
  11 hobgoblins
  7 jackals
  2 quokkas
  A ball python skeleton (D:5)
  7 bats
  7 frilled lizards
  A jackal skeleton (D:5)
  4 kobolds
  A leopard gecko zombie (D:6)
  8 rats
117 creatures vanquished.

Notes
Turn   | Place    | Note
-------+----------+-------------------------------------------
     0 | D:1      | canine the Gnoll Warper began the quest for the Orb.
     0 | D:1      | Reached XP level 1. HP: 20/20 MP: 6/6
   211 | D:1      | Reached XP level 2. HP: 26/26 MP: 7/7
   587 | D:1      | Reached XP level 3. HP: 17/31 MP: 9/9
   770 | D:1      | Learned a level 2 spell: Blink
   774 | D:1      | Learned a level 3 spell: Gell's Gravitas
   778 | D:1      | Learned a level 3 spell: Lesser Beckoning
   782 | D:1      | Learned a level 3 spell: Teleport Other
  1002 | D:1      | Reached skill level 5 in Spellcasting
  1406 | D:2      | Reached skill level 1 in Invocations
  1715 | D:2      | Noticed Terence
  1730 | D:2      | Killed Terence
  1731 | D:2      | Reached skill level 1 in Short Blades
  1731 | D:2      | Reached skill level 1 in Long Blades
  1731 | D:2      | Reached skill level 1 in Axes
  1731 | D:2      | Reached skill level 1 in Polearms
  1731 | D:2      | Reached skill level 1 in Staves
  1731 | D:2      | Reached skill level 1 in Slings
  1731 | D:2      | Reached skill level 1 in Bows
  1731 | D:2      | Reached skill level 1 in Crossbows
  1731 | D:2      | Reached skill level 1 in Stealth
  1731 | D:2      | Reached skill level 1 in Shields
  1731 | D:2      | Reached skill level 1 in Unarmed Combat
  1731 | D:2      | Reached skill level 1 in Evocations
  1731 | D:2      | Reached XP level 4. HP: 22/38 MP: 11/11
  2337 | D:3      | Reached skill level 1 in Conjurations
  2337 | D:3      | Reached skill level 1 in Hexes
  2337 | D:3      | Reached skill level 1 in Summonings
  2337 | D:3      | Reached skill level 1 in Necromancy
  2337 | D:3      | Reached skill level 1 in Transmutations
  2337 | D:3      | Reached skill level 1 in Fire Magic
  2337 | D:3      | Reached skill level 1 in Ice Magic
  2337 | D:3      | Reached skill level 1 in Air Magic
  2337 | D:3      | Reached skill level 1 in Earth Magic
  2337 | D:3      | Reached skill level 1 in Poison Magic
  2400 | D:3      | Reached XP level 5. HP: 13/43 MP: 12/12
  3019 | D:4      | Noticed Robin
  3024 | D:3      | Reached XP level 6. HP: 19/50 MP: 13/13
  3260 | D:3      | Killed Robin
  3480 | D:4      | Reached skill level 5 in Fighting
  3480 | D:4      | Reached skill level 5 in Maces & Flails
  3480 | D:4      | Reached skill level 5 in Dodging
  3493 | D:4      | HP: 2/51 [orc wizard/magic dart (1)]
  3833 | D:4      | Reached XP level 7. HP: 28/56 MP: 15/15
  3849 | D:4      | Learned a level 1 spell: Animate Skeleton
  3854 | D:4      | Learned a level 4 spell: Passage of Golubria
  4129 | D:4      | Found a radiant altar of Vehumet.
  4582 | D:5      | Entered Level 5 of the Dungeon
  4981 | D:5      | Found Wairiet's Assorted Antiques.
  5481 | D:6      | Slain by a centaur

Illustrated notes

Levels and vault maps discovered:
D:1:      dpeg_arrival_concentric_ovals, layout_basic
D:2:      layout_loops_corners, uniq_terence
D:3:      layout_rooms, lightli_corner_chamber
D:4:      layout_rooms, st_stairs_14, vehumet_altar_wand_db, uniq_robin
D:5:      layout_cave_pools, serial_shops, kennysheep_little_box, minivault_23,
          minmay_starry_boxes
D:6:      layout_layer_cave, st_stairs_2, uniq_prince_ribbit1

Skill      XL: |  1  2  3  4  5  6  7 |
---------------+----------------------+-----
Spellcasting   | 5 |  5.7
Invocations    | 1 2 3 |  3.0
Short Blades   | 1 2 |  2.7
Long Blades    | 1 2 |  2.7
Axes           | 1 2 |  2.7
Polearms       | 1 2 |  2.7
Staves         | 1 2 |  2.7
Slings         | 1 2 |  2.7
Bows           | 1 2 |  2.7
Crossbows      | 1 2 |  2.7
Stealth        | 1 2 |  2.7
Shields        | 1 2 |  2.7
Unarmed Combat | 1 2 |  2.7
Evocations     | 1 2 |  2.7
Conjurations   | 1 2 |  2.2
Hexes          | 1 2 |  2.2
Summonings     | 1 2 |  2.2
Necromancy     | 1 2 |  2.2
Transmutations | 1 2 |  2.2
Fire Magic     | 1 2 |  2.2
Ice Magic      | 1 2 |  2.2
Air Magic      | 1 2 |  2.2
Earth Magic    | 1 2 |  2.2
Poison Magic   | 1 2 |  2.2
Throwing       | 3 |  3.8
Armour         | 3 |  3.8
Fighting       | 5 |  5.3
Maces & Flails | 5 |  5.3
Dodging        | 5 |  5.3
Translocations | |  5.9

Action                   |  1- 3 |  4- 6 |  7- 9 || total
-------------------------+-------+-------+-------++-------
Melee: Mace              |    60 |       |     3 ||    63
       Bite              |     7 |    11 |    12 ||    30
       Dagger            |    47 |   156 |   156 ||   359
       Punch             |       |     3 |       ||     3
Throw: Dart              |       |     1 |       ||     1
 Cast: Blink             |       |     2 |       ||     2
       Gell's Gravitas   |       |     2 |       ||     2
  Use: Scroll            |     1 |     4 |     3 ||     8
 Stab: Sleeping          |     1 |     1 |     2 ||     4
Armor: Leather armour    |    26 |    68 |    53 ||   147
Dodge: Dodged            |    74 |   157 |   136 ||   367
